 Dungeon Crawl Stone Soup version 0.26.0-10-g1f06aea511 (webtiles) character file.

Game seed: 9837701398934702445

64 Dracia the Vexing (level 4, 0/32 HPs)
             Began as a Gnoll Wanderer on Jan 14, 2021.
             Slain by a worm (3 damage)
             ... on level 3 of the Dungeon.
             The game lasted 00:04:05 (2936 turns).

Dracia the Vexing (Gnoll Wanderer)                  Turns: 2936, Time: 00:04:06

Health: 0/32       AC:  5    Str: 13    XL:     4   Next: 12%
Magic:  0/8        EV: 13    Int: 16    God:
Gold:   138        SH:  0    Dex: 15    Spells: 4/8 levels left

rFire    . . .     SeeInvis .   a - +0 dagger
rCold    . . .     Faith    .   (no shield)
rNeg     . . .     Spirit   +   p - +0 ring mail
rPois    +         Reflect  .   (no helmet)
rElec    .         Harm     .   (no cloak)
rCorr    .         Rampage  .   (no gloves)
Will     .....                  (no boots)
Stlth    +.........             G - amulet of guardian spirit
HPRegen  0.10/turn              P - ring of poison resistance
MPRegen  0.11/turn              Z - ring of wizardry

@: no status effects
A: distributed training, fangs 1, strong nose
a: no special abilities


You were on level 3 of the Dungeon.
You visited 1 branch of the dungeon, and saw 3 of its levels.

You collected 138 gold pieces.


Innate Abilities, Weirdness & Mutations

Your experience applies equally to all skills.
You have very sharp teeth.
Your uncanny sense of smell can sniff out nearby items.


   Skills:
 + Level 1.0 Fighting
 + Level 1.0 Short Blades
 + Level 1.0 Long Blades
 + Level 1.0 Axes
 + Level 1.0 Maces & Flails
 + Level 1.0 Polearms
 + Level 2.7 Staves
 + Level 1.0 Slings
 + Level 1.0 Bows
 + Level 1.0 Crossbows
 + Level 2.7 Throwing
 + Level 1.0 Armour
 + Level 4.6 Dodging
 + Level 1.0 Stealth
 + Level 2.7 Shields
 + Level 1.0 Unarmed Combat
 + Level 2.9 Spellcasting
 + Level 0.8 Conjurations
 + Level 5.4 Hexes
 + Level 0.8 Summonings
 + Level 0.8 Necromancy
 + Level 0.8 Translocations
 + Level 0.8 Transmutations
 + Level 0.8 Fire Magic
 + Level 2.2 Ice Magic
 + Level 0.8 Air Magic
 + Level 0.8 Earth Magic
 + Level 0.8 Poison Magic
 + Level 1.1 Invocations
 + Level 1.0 Evocations


You had 4 spell levels left.
You knew the following spells:

 Your Spells              Type           Power        Failure   Level
t - Static Discharge      Conj/Air       4%           32%         3
z - Shock                 Conj/Air       16%          12%         1

Your spell library contained the following spells:

 Spells                   Type           Power        Failure   Level


Inventory:

Hand Weapons
 a - a +0 dagger (weapon)
Missiles
 c - 32 poisoned darts
Armour
 b - a +0 ring mail
 d - a +0 kite shield
 e - a +0 robe
 k - a +0 chain mail
 p - a +0 ring mail (worn)
Jewellery
 G - an amulet of guardian spirit (around neck)
 P - a ring of poison resistance (left hand)
 Z - a ring of wizardry (right hand)
Scrolls
 g - 2 scrolls of enchant armour {unknown}
 h - a scroll of teleportation {unknown}
 i - 3 scrolls of identify {unknown}
 l - 2 scrolls of remove curse {unknown}
 n - a scroll of immolation {unknown}
Potions
 f - a potion of resistance {unknown}
 j - a potion of might {unknown}
 m - a potion of curing {unknown}
 o - a potion of degeneration {unknown}

Dungeon Overview and Level Annotations

Branches:
Dungeon (3/15)

Altars:

##.##.# #........# ...##.#
#........### #.###.#
##.........# ..# #.#
#.......#.. .## #.#
#..###### .# #.# #..# .#
#.# #..# .####.####
#.w########## ....#....#
#..@†........
###.####.#####...#########
###..............#
.................#
##################


You could see a worm.


Message History

You barely miss the worm.
The worm is moderately wounded.
The worm bites you.
* * * LOW HITPOINT WARNING * * *
You hit the worm but do no damage.
The worm is moderately wounded.
You hit the worm.
The worm is heavily wounded.
The worm barely misses you.
You hit the worm.
The worm is heavily wounded.
You hit the worm but do no damage.
The worm is heavily wounded.
The worm completely misses you.
You barely miss the worm.
The worm is heavily wounded.
The worm bites you!
* * * LOW HITPOINT WARNING * * *
You hit the worm but do no damage.
The worm is heavily wounded.
You hit the worm but do no damage.
The worm is heavily wounded.
The worm bites you.
* * * LOW HITPOINT WARNING * * *
You hit the worm.
The worm is heavily wounded.
You hit the worm but do no damage.
The worm is heavily wounded.
The worm bites you.
You die...

Skill      XL: |  1  2  3 |
---------------+----------+-----
Ice Magic      | 2 |  2.2
Invocations    | 1 |  1.1
Fighting       | 1 |  1.0
Short Blades   | 1 |  1.0
Long Blades    | 1 |  1.0
Axes           | 1 |  1.0
Maces & Flails | 1 |  1.0
Polearms       | 1 |  1.0
Slings         | 1 |  1.0
Bows           | 1 |  1.0
Crossbows      | 1 |  1.0
Armour         | 1 |  1.0
Stealth        | 1 |  1.0
Unarmed Combat | 1 |  1.0
Evocations     | 1 |  1.0
Staves         | |  2.7
Throwing       | |  2.7
Dodging        | |  4.6
Shields        | |  2.7
Spellcasting   | |  2.9
Conjurations   | |  0.8
Hexes          | |  5.4
Summonings     | |  0.8
Necromancy     | |  0.8
Translocations | |  0.8
Transmutations | |  0.8
Fire Magic     | |  0.8
Air Magic      | |  0.8
Earth Magic    | |  0.8
Poison Magic   | |  0.8

Action                   |  1- 3 |  4- 6 || total
-------------------------+-------+-------++-------
Melee: Dagger            |   217 |    39 ||   256
       Bite              |    15 |     3 ||    18
       Punch             |     1 |       ||     1
 Cast: Shock             |     3 |       ||     3
Armor: Robe              |     5 |       ||     5
       Ring mail         |    24 |     3 ||    27
       Chain mail        |    56 |       ||    56
Dodge: Dodged            |   134 |    15 ||   149

Levels and vault maps discovered:
D:1:      dpeg_arrival_shelter, layout_loops_cross,
          hangedman_abyss_or_decor_stabs
D:2:      layout_basic, kennysheep_generic_room_9
D:3:      layout_loops_ring

Notes
Turn   | Place    | Note
-------+----------+-------------------------------------------
     0 | D:1      | Dracia the Gnoll Wanderer began the quest for the Orb.
     0 | D:1      | Dracia set off with the following items: a +0 dagger, 12
                  | poisoned darts, a +0 kite shield, a +0 robe; and the
                  | following spell memorised: Shock; and the following spells
                  | available to memorise: Static Discharge
     0 | D:1      | Reached XP level 1. HP: 13/13 MP: 4/4
   304 | D:1      | Reached skill level 2 in Ice Magic
   504 | D:1      | Reached XP level 2. HP: 17/19 MP: 5/5
  1352 | D:2      | Reached XP level 3. HP: 15/25 MP: 7/7
  1583 | D:2      | Learned a level 3 spell: Static Discharge
  1632 | D:2      | Reached skill level 1 in Invocations
  2505 | D:3      | Reached skill level 1 in Fighting
  2505 | D:3      | Reached skill level 1 in Short Blades
  2505 | D:3      | Reached skill level 1 in Long Blades
  2505 | D:3      | Reached skill level 1 in Axes
  2505 | D:3      | Reached skill level 1 in Maces & Flails
  2505 | D:3      | Reached skill level 1 in Polearms
  2505 | D:3      | Reached skill level 1 in Slings
  2505 | D:3      | Reached skill level 1 in Bows
  2505 | D:3      | Reached skill level 1 in Crossbows
  2505 | D:3      | Reached skill level 1 in Armour
  2505 | D:3      | Reached skill level 1 in Stealth
  2505 | D:3      | Reached skill level 1 in Unarmed Combat
  2505 | D:3      | Reached skill level 1 in Evocations
  2763 | D:3      | Reached XP level 4. HP: 24/32 MP: 6/8
  2934 | D:3      | HP: 3/32 [worm (3)]
  2936 | D:3      | Slain by a worm

Vanquished Creatures
  3 adders
  A worm (D:2)
  A leopard gecko (D:3)
  An orc (D:3)
  3 giant cockroaches
  6 goblins
  3 hobgoblins
  A quokka (D:3)
  3 bats
  2 frilled lizards
  3 kobolds
  4 rats
31 creatures vanquished.

Table legend: (Time is in decaauts)
 A = Elapsed time spent in this place.
 B = Non-inter-level travel time spent in this place.
 C = Inter-level travel time spent in this place.
 D = Time resting spent in this place.
 E = Time spent auto-exploring this place.
 F = Levels seen in this place.
 G = Mean time per level.
                   A        B        C        D        E       F      G
               +--------+--------+--------+--------+--------+-----+--------+
         Total |   2927 |   2674 |    253 |    228 |   2015 |   3 |  975.7 |
       Dungeon |   2927 |   2674 |    253 |    228 |   2015 |   3 |  975.7 |
               +--------+--------+--------+--------+--------+-----+--------+

Top non-repeatable levels by time:
     D:2: 1333 daAuts
     D:1: 1123 daAuts
     D:3: 470 daAuts

Table legend:
 A = Non-vault XP
 B = Vault XP
 C = Vault XP percentage of total XP
 D = Non-vault monster count
 E = Vault monster count
 F = Vault count percentage of total count
                 A         B        C        D         E       F
            +---------+---------+-------+---------+---------+-------
      Total |      78 |      14 |  15.2 |      30 |       1 |   3.2
            +---------+---------+-------+---------+---------+-------
        D:1 |      21 |       0 |   0.0 |      13 |       0 |   0.0
        D:2 |      27 |      14 |  34.1 |       8 |       1 |  11.1
        D:3 |      30 |       0 |   0.0 |       9 |       0 |   0.0
            +---------+---------+-------+---------+---------+-------
